 Dungeon Crawl Stone Soup version 0.29-a0-322-g68df515428 (webtiles) character file.

Game seed: 5022968973091464317

5716 greenreed the Protected (level 10, -2/91 HPs)
             Began as a Minotaur Berserker on Apr 8, 2022.
             Was a Priest of Trog.
             Slain by a shadow (10 damage)
             ... on level 9 of the Dungeon.
             The game lasted 00:19:52 (7925 turns).

greenreed the Protected (Minotaur Berserker)        Turns: 7925, Time: 00:19:53

Health: -2/91      AC: 20    Str: 25    XL:     10   Next: 48%
Magic:  9/9        EV:  9    Int:  4    God:    Trog [***...]
Gold:   346        SH:  0    Dex: 15    Spells: 9/9 levels left

rFire   . . .      SeeInvis .   B - +7 trident of Yeast {venom, Will+ Dex+4}
rCold   . . .      Faith    .   (no shield)
rNeg    . . .      Spirit   .   d - +0 plate armour
rPois   +          Reflect  .   (helmet restricted)
rElec   .          Harm     .   e - +0 cloak
rCorr   .          Rampage  .   (no gloves)
Will    +++..                   (no boots)
Stlth   ..........              (no amulet)
HPRegen 1.25/turn               r - +4 ring of protection
MPRegen 0.11/turn               v - ring of poison resistance

@: strong-willed, on berserk cooldown, regenerating, slowed, very slow
A: horns 2, retaliatory headbutt
a: Renounce Religion, Berserk, Trog's Hand


You were on level 9 of the Dungeon.
You worshipped Trog.
Trog was most pleased with you.
You visited 1 branch of the dungeon, and saw 9 of its levels.

You collected 346 gold pieces.

Inventory:

Hand Weapons
 a - a +0 hand axe
 y - a +0 war axe
 B - the +7 trident of Yeast (weapon) {venom, Will+ Dex+4}
   (You found it on level 7 of the Dungeon)

   It poisons the flesh of those it strikes.
   Dex:       It affects your dexterity (+4).
   Will:      It increases your willpower.
Missiles
 f - an atropa-tipped dart (quivered)
 I - 3 poisoned darts
Armour
 b - a +0 animal skin
 d - a +0 plate armour (worn)
 e - a +0 cloak (worn)
 o - +0 acid dragon scales
 w - +0 ice dragon scales
Jewellery
 r - a +4 ring of protection (left hand)
 v - a ring of poison resistance (right hand)
Wands
 c - a wand of flame (17)
 n - a wand of acid (12)
 q - a wand of paralysis (12)
 u - a wand of iceblast (11)
 H - a wand of polymorph (9)
Scrolls
 k - 2 scrolls of brand weapon
 p - 2 scrolls of fog
 s - a scroll of enchant armour {unknown}
 t - a scroll of holy word {unknown}
 x - a scroll of amnesia {unknown}
 E - a scroll of summoning {unknown}
 F - a scroll of vulnerability {unknown}
 J - a scroll of immolation {unknown}
Potions
 g - a potion of brilliance {unknown}
 h - a potion of attraction {unknown}
 i - a potion of lignification {unknown}
 j - a potion of curing
 l - 6 potions of mutation
 m - 2 potions of magic
 z - 2 potions of ambrosia {unknown}
 A - a potion of invisibility {unknown}
 C - a potion of heal wounds {unknown}
 D - a potion of might {unknown}
 G - 2 potions of berserk rage {unknown}


   Skills:
 + Level 9.0 Fighting
 - Level 10.6(11.8) Axes
 + Level 8.0(10.5) Polearms
 + Level 11.1 Armour
 + Level 3.0 Dodging


You had 9 spell levels left.
You didn't know any spells.
Your spell library was empty.

Dungeon Overview and Level Annotations

Branches:
Dungeon (9/15)             Temple (0/1) D:7
   Lair: D:8-11         Orc: D:9-12

Altars:
Elyvilon
Fedhas
Nemelex Xobeh
Yredelemnul
The Shining One

Annotations:
D:3 exclusion: oklob plant


Innate Abilities, Weirdness & Mutations

You have a pair of horns on your head.
You reflexively headbutt those who attack you in melee.


Message History

Reach: B) +7 trident of Yeast {venom, Will+ Dex+4}
Press: ? - help, Dir - move target, f - you
Okay, then.
You enter the shallow water.
Moving in this stuff is going to be slow.
You are no longer berserk.
You are exhausted.
You feel yourself slow down.
The yaktaur shoots a bolt.
The bolt hits you!!
The yaktaur shoots a bolt.
The bolt hits you but does no damage.
You hear a shout!
You see here a howler monkey corpse.
You hear a shout!
The yaktaur shoots a bolt.
The bolt hits you.
The yaktaur shoots a bolt.
The bolt hits you.
The yaktaur shoots a bolt.
The bolt hits you!
The yaktaur shoots a bolt.
The bolt hits you!
* * * LOW HITPOINT WARNING * * *
The yaktaur shoots a bolt.
The bolt hits you!
* * * LOW HITPOINT WARNING * * *
You feel better.
The yaktaur shoots a bolt.
The bolt closely misses you.
The swamp dragon breathes poison at you.
The blast of poison engulfs the shadow.
The shadow completely resists.
The shadow attacks as you move away! The shadow hits you.
The swamp dragon is engulfed in a cloud of scalding steam.
Things that are here:
a +0 shortbow; a centaur corpse The shadow attacks as you move away!
The shadow hits you.
* * * LOW HITPOINT WARNING * * *
The shadow slips into darkness.
The shadow flickers and vanishes!
Deactivating autopickup; reactivate with Ctrl-A.
The two-headed ogre is poisoned.
The efreet gestures at you. The bolt of fire hits you!!
* * * LOW HITPOINT WARNING * * *
Your skin crawls.
You feel strong-willed.
The shadow strikes at you from the darkness!
You die...

###### .gS.#.≈.. #....# ......O
#....# ..... #....# .D. #....#
♣W♣ # #....# ♣c♣
#.#####....####### #####♣☼♣ ###
#......###.#.....#♣♣°.†.♣☼♣....♣
#.#.....###.#♣..@♣♣♣°≈☼D≈○≈≈≈≈≈≈.
##...<##...÷♣.♣{.c§≈R○°≈≈≈≈≈≈≈≈
#.....##..#♣...♣♣♣O≈°§≈≈≈≈≈≈≈≈.
#......##..#.....#♣♣....♣.♣....♣
####.......####### #############
#########


You could see a two-headed ogre (poisoned), a yaktaur (poisoned) and an efreet.

Vanquished Creatures
  A hydra (D:9)
  Pikel (D:7)
  2 hornets
  4 yaks (D:8)
  2 wyverns (D:9)
  2 acid dragons
  A water moccasin (D:6)
  2 ice beasts
  3 orc warriors
  4 sky beasts
  An ogre (D:6)
  A black bear (D:5)
  4 centaurs
  A lemure (D:7)
  Blork the orc (D:4)
  A kobold brigand (D:7)
  A bullfrog (D:4)
  2 necrophages
  3 scorpions
  4 wights (D:6)
  4 killer bees (D:9)
  2 howler monkeys
  2 electric eels (D:9)
  7 hounds
  6 orc priests
  4 orc wizards
  3 iguanas
  3 gnolls (D:3)
  3 adders
  2 white imps
  4 dart slugs
  20 orcs
  11 endoplasms
  5 giant cockroaches
  8 hobgoblins
  14 kobolds
  2 quokkas (D:1)
  9 ball pythons
  6 bats
  8 frilled lizards
  7 goblins
  6 rats
177 creatures vanquished.

Vanquished Creatures (others)
  An orc (D:3)
  4 plants (D:9)
5 creatures vanquished.

Grand Total: 182 creatures vanquished

Notes
Turn   | Place    | Note
-------+----------+-------------------------------------------
     0 | D:1      | greenreed the Minotaur Berserker began the quest for the
                  | Orb.
     0 | D:1      | Reached XP level 1. HP: 19/19 MP: 0/0
   405 | D:1      | Reached XP level 2. HP: 27/27 MP: 1/1
  1105 | D:1      | Reached XP level 3. HP: 33/33 MP: 2/2
  1105 | D:1      | Reached ** piety under Trog
  1733 | D:2      | Reached skill level 3 in Armour
  1733 | D:2      | Reached XP level 4. HP: 34/41 MP: 3/3
  1885 | D:2      | Found a faded altar of an unknown god.
  2380 | D:3      | Noticed a scorpion
  2389 | D:3      | Killed a scorpion
  2390 | D:3      | Reached skill level 5 in Axes
  2390 | D:3      | Reached XP level 5. HP: 47/47 MP: 4/4
  2653 | D:3      | Reached skill level 5 in Fighting
  2771 | D:3      | Found a glowing golden altar of the Shining One.
  2773 | D:3      | Noticed an angel
  2783 | D:3      | Found a basalt altar of Yredelemnul.
  2785 | D:3      | Noticed a profane servitor
  3215 | D:3      | Found a blossoming altar of Fedhas.
  3235 | D:3      | Noticed an oklob plant
  3633 | D:4      | Noticed Blork the orc
  3641 | D:4      | Reached skill level 4 in Armour
  3641 | D:4      | Reached XP level 6. HP: 56/56 MP: 5/5
  3649 | D:4      | Killed Blork the orc
  3996 | D:4      | Found a white marble altar of Elyvilon.
  4467 | D:5      | Entered Level 5 of the Dungeon
  4482 | D:5      | Reached skill level 5 in Armour
  4511 | D:5      | Noticed an ice beast
  4515 | D:5      | Killed an ice beast
  4516 | D:5      | Reached XP level 7. HP: 63/63 MP: 6/6
  4633 | D:5      | Reached skill level 6 in Armour
  5081 | D:6      | Reached XP level 8. HP: 71/71 MP: 7/7
  5097 | D:6      | Reached skill level 7 in Armour
  5518 | D:6      | Reached skill level 8 in Armour
  5668 | D:6      | Reached *** piety under Trog
  5820 | D:6      | You fall into a shaft and drop 2 floors!
  5896 | D:8      | Reached XP level 9. HP: 79/79 MP: 8/8
  5900 | D:8      | Reached skill level 10 in Axes
  5907 | D:8      | Reached skill level 9 in Armour
  6228 | D:7      | Identified the +7 trident of Yeast {venom, Will+ Dex+4}
  6234 | D:7      | Noticed Pikel
  6247 | D:7      | Killed Pikel
  6488 | D:7      | Reached skill level 10 in Armour
  6661 | D:7      | Found a staircase to the Ecumenical Temple.
  7391 | D:8      | Reached skill level 5 in Polearms
  7615 | D:8      | Found a sparkling altar of Nemelex Xobeh.
  7670 | D:9      | Reached XP level 10. HP: 90/90 MP: 9/9
  7893 | D:9      | Noticed a four-headed hydra
  7903 | D:9      | Noticed a two-headed ogre
  7903 | D:9      | Noticed a swamp dragon
  7910 | D:9      | Killed a four-headed hydra
  7911 | D:9      | Reached skill level 11 in Armour
  7925 | D:9      | Slain by a shadow

Illustrated notes

Levels and vault maps discovered:
D:1:      lemuel_arrival_river_passageway, layout_loops_ring, minivault_27,
          grunt_decor_clamped, hangedman_decor_growths
D:2:      layout_basic, shapermc_ecumenical_altar_pompeii
D:3:      layout_loops_corners, tgw_fedhas, grunt_temple_overflow_holy_war,
          minmay_misc_feat_encased
D:4:      layout_basic, elyvilon_altar_4, uniq_blork_the_orc
D:5:      layout_gridville
D:6:      layout_basic
D:7:      layout_loops_cross, minmay_temple_entry_poolview, uniq_pikel
D:8:      layout_basic, nemelex_diamond_rough_becter
D:9:      nzn_winding_woodlands_large [nzn_winding_woodlands_5x5_default,
          nzn_winding_woodlands_5x15_lazy_stream,
          nzn_winding_woodlands_5x5_three,
          nzn_winding_woodlands_center_pierced_h,
          nzn_winding_woodlands_15x15_eel_pit,
          nzn_winding_woodlands_center_lodge, nzn_winding_woodlands_hourglass,
          nzn_winding_woodlands_5x15_river_crossing,
          nzn_winding_woodlands_5x5_closed_star], layout_loops_cross,
          lightli_temple_of_fire, david_lair_generic, gammafunk_ghost_hydra_chop

Skill      XL: |  1  2  3  4  5  6  7  8  9 10 |
---------------+-------------------------------+-----
Fighting       | 4 5 6 7 8 9 |  9.0
Axes           | 4 5 6 7 9 10 | 10.6
Armour         | 3 4 5 6 8 10 11 | 11.1
Polearms       | 5 8 |  8.0
Dodging        | 3 |  3.0

Action                   |  1- 3 |  4- 6 |  7- 9 | 10-12 || total
-------------------------+-------+-------+-------+-------++-------
Melee: Hand axe          |    91 |   137 |    81 |       ||   309
       Headbutt          |    14 |    24 |    37 |    12 ||    87
       Punch             |     1 |     2 |     3 |       ||     6
       War axe           |       |       |    76 |       ||    76
       Trident           |       |       |    68 |    50 ||   118
Throw: Dart              |       |       |       |     1 ||     1
Invok: Berserk           |     1 |     4 |     5 |     1 ||    11
       Trog's Hand       |       |       |     1 |     1 ||     2
  Use: Scroll            |       |       |     6 |       ||     6
       Potion            |       |       |       |     1 ||     1
Armor: Animal skin       |     5 |       |       |       ||     5
       Plate armour      |    44 |    72 |   126 |    30 ||   272
Dodge: Dodged            |    30 |    52 |    70 |    18 ||   170

Table legend: (Time is in decaauts)
 A = Elapsed time spent in this place.
 B = Non-inter-level travel time spent in this place.
 C = Inter-level travel time spent in this place.
 D = Time resting spent in this place.
 E = Time spent auto-exploring this place.
 F = Levels seen in this place.
 G = Mean time per level.
                   A        B        C        D        E       F      G
               +--------+--------+--------+--------+--------+-----+--------+
         Total |   8013 |   7771 |    242 |    686 |   5787 |   9 |  890.3 |
       Dungeon |   8013 |   7771 |    242 |    686 |   5787 |   9 |  890.3 |
               +--------+--------+--------+--------+--------+-----+--------+

Top non-repeatable levels by time:
     D:3: 1384 daAuts
     D:1: 1367 daAuts
     D:7: 1009 daAuts
     D:2: 888 daAuts
     D:4: 885 daAuts
     D:8: 839 daAuts
     D:6: 764 daAuts
     D:5: 609 daAuts
     D:9: 263 daAuts
